 Dungeon Crawl Stone Soup version 0.28.0 (webtiles) character file.

Game seed: 17048797888532011996

1844 danielguo94 the Basher (level 9, 0/54 HPs)
             Began as a Gargoyle Fighter on Feb 5, 2022.
             Was a Follower of the Shining One.
             Slain by a troll (6 damage)
             ... on level 7 of the Dungeon.
             The game lasted 00:07:30 (6124 turns).

danielguo94 the Basher (Gargoyle Fighter)           Turns: 6124, Time: 00:07:30

Health: 0/54       AC: 18    Str: 22    XL:     9   Next: 12%
Magic:  11/11      EV:  6    Int:  9    God:    the Shining One [*.....]
Gold:   294        SH:  9    Dex: 11    Spells: 8/8 levels left

rFire   . . .      SeeInvis .   a - +0 flail
rCold   . . .      Faith    .   n - +0 kite shield
rNeg    + . .      Spirit   .   l - +0 chain mail
rPois   ∞          Reflect  .   (no helmet)
rElec   +          Harm     .   (no cloak)
rCorr   .          Rampage  .   g - +0 pair of gloves
Will    .....                   q - +0 pair of boots
Stlth   ..........              (no amulet)
HPRegen 0.18/turn               (no ring)
MPRegen 0.12/turn               (no ring)

@: glowing
A: sickness immunity, AC +6, negative energy resistance 1, electricity
resistance, torment resistance 1, petrification resistance
a: Renounce Religion, Divine Shield


You were on level 7 of the Dungeon.
You worshipped the Shining One.
The Shining One was aware of your devotion.
You visited 2 branches of the dungeon, and saw 8 of its levels.

You collected 294 gold pieces.

Inventory:

Hand Weapons
 a - a +0 flail (weapon)
Missiles
 f - 184 stones
 h - 6 poisoned darts
 o - a boomerang (quivered)
Armour
 g - a +0 pair of gloves (worn)
 l - a +0 chain mail (worn)
 n - a +0 kite shield (worn)
 q - a +0 pair of boots (worn)
Jewellery
 w - a ring of see invisible
Scrolls
 e - 2 scrolls of teleportation {unknown}
 i - a scroll of enchant armour
 j - 2 scrolls of magic mapping
 k - 2 scrolls of vulnerability
 s - a scroll of summoning {unknown}
 t - 2 scrolls of fear {unknown}
 x - 2 scrolls of silence {unknown}
 y - a scroll of noise {unknown}
 A - 3 scrolls of acquirement {unknown}
Potions
 b - 2 potions of attraction
 c - a potion of heal wounds {unknown}
 d - a potion of might
 m - a potion of flight
 p - 3 potions of brilliance
 r - a potion of curing {unknown}
 u - 2 potions of haste {unknown}
 v - a potion of ambrosia {unknown}
 z - 2 potions of cancellation {unknown}
 B - a potion of lignification {unknown}


   Skills:
 + Level 5.0 Fighting
 * Level 9.1 Maces & Flails
 + Level 5.3 Armour
 + Level 1.3 Dodging
 + Level 5.3 Shields
 * Level 2.7 Invocations


You had 8 spell levels left.
You didn't know any spells.
Your spell library contained the following spells:

 Spells                   Type           Power      Damage    Failure   Level
 Slow                     Hex            0%         N/A       100%        1
 Blink                    Tloc           0%         N/A       100%        2
 Ensorcelled Hibernation  Hex/Ice        0%         N/A       100%        2
 Confusing Touch          Hex            0%         N/A       100%        3
 Spider Form              Tmut/Pois      0%         N/A       100%        3
 Vampiric Draining        Necr           0%         2d6       100%        3
 Anguish                  Hex/Necr       0%         N/A       100%        4
 Manifold Assault         Tloc           0%         N/A       100%        5
 Storm Form               Tmut/Air       0%         N/A       100%        7


Dungeon Overview and Level Annotations

Branches:
Dungeon (7/15)             Temple (1/1) D:5

Altars:
Ashenzari
Cheibriados
Dithmenos
Fedhas
Gozag
Kikubaaqudgha
Nemelex Xobeh
Okawaru
Qazlal
Ru
Sif Muna
Uskayaw
Vehumet
Wu Jian
Xom
Yredelemnul
Zin
The Shining One


Innate Abilities, Weirdness & Mutations

You are immune to sickness and miasma.
Your stone body is resilient. (AC +6)
You are immune to poison.
You resist negative energy. (rN+)
You are resistant to electric shocks. (rElec)
You are resistant to unholy torment.
You are immune to petrification.


Message History

You are too injured to fight recklessly!
You are too injured to fight recklessly!
You are too injured to fight recklessly!
You are too injured to fight recklessly!
You are too injured to fight recklessly!
You are too injured to fight recklessly!
You are too injured to fight recklessly!
You are too injured to fight recklessly!
You are too injured to fight recklessly!
You are too injured to fight recklessly!
You are too injured to fight recklessly!
You are too injured to fight recklessly!
You are too injured to fight recklessly!
You are too injured to fight recklessly!
You are too injured to fight recklessly!
You are too injured to fight recklessly!
You barely miss the troll.
The troll is heavily wounded.
You block the troll's attack. The troll barely misses you.
You block the troll's attack.
You thump the troll!
The troll is severely wounded.
The troll bites you.
* * * LOW HITPOINT WARNING * * *
You block the troll's attack. The troll claws you.
* * * LOW HITPOINT WARNING * * *
You barely miss the troll.
The troll is severely wounded.
The troll bites you.
* * * LOW HITPOINT WARNING * * *
The troll barely misses you. The troll claws you but does no damage.
You thump the troll!
The troll is almost dead.
The troll bites you but does no damage. The troll claws you but does no damage.
The troll claws you.
* * * LOW HITPOINT WARNING * * *
You hit the troll but do no damage.
The troll is almost dead.
You block the troll's attack. x3; The troll bites you.
You die...

#.#.# ########.#.#
.........#.#
########.#.#
#######.#.####
.............# .
#######.#....#
...############.####.#
..........T@......# .#
[.........#####.### #
....####### #.# # #.#
#.# #^# #.# #.#


You could see a troll.

Vanquished Creatures
  Sigmund (D:5)
  A wraith (D:6)
  A sky beast (D:6)
  2 necrophages (D:5)
  An ogre (D:6)
  A centaur (D:6)
  A phantom (D:6)
  A bullfrog (D:6)
  2 wyvern zombies
  2 scorpions
  A water moccasin zombie (D:5)
  A water moccasin skeleton (D:5)
  A howler monkey (D:4)
  A bullfrog zombie (D:6)
  A bullfrog skeleton (D:6)
  An orc priest (D:3)
  2 jellies
  A hound (D:4)
  An iguana (D:4)
  4 orc wizards
  A killer bee zombie (D:5)
  3 gnolls (D:5)
  11 adders
  A shadow imp (D:6)
  An adder skeleton (D:4)
  2 worms
  3 dart slugs
  21 orcs
  5 endoplasms (D:1)
  7 giant cockroaches
  7 hobgoblins
  13 jackals
  6 kobolds
  4 quokkas
  7 ball pythons
  6 bats
  5 frilled lizards
  6 goblins
  7 rats
143 creatures vanquished.

Vanquished Creatures (others)
  An orc wizard (D:4)
1 creature vanquished.

Grand Total: 144 creatures vanquished

Notes
Turn   | Place    | Note
-------+----------+-------------------------------------------
     0 | D:1      | danielguo94 the Gargoyle Fighter began the quest for the
                  | Orb.
     0 | D:1      | Reached XP level 1. HP: 14/14 MP: 1/1
     1 | D:1      | Found a runed translucent door.
   113 | D:1      | Reached XP level 2. HP: 11/19 MP: 2/2
   262 | D:1      | Found a faded altar of an unknown god.
  1135 | D:1      | Reached XP level 3. HP: 23/23 MP: 3/3
  1168 | D:1      | Reached skill level 3 in Maces & Flails
  1524 | D:2      | Reached XP level 4. HP: 20/28 MP: 4/4
  2324 | D:3      | Reached skill level 4 in Maces & Flails
  2337 | D:3      | Found a stormy altar of Qazlal.
  2390 | D:3      | Found a hide-covered altar of Uskayaw.
  2409 | D:3      | Reached XP level 5. HP: 25/33 MP: 5/5
  3196 | D:3      | Reached XP level 6. HP: 19/38 MP: 6/6
  3420 | D:4      | Reached skill level 5 in Maces & Flails
  3426 | D:4      | You fall into a shaft and drop 1 floor!
  3426 | D:5      | Entered Level 5 of the Dungeon
  3426 | D:5      | Found a staircase to the Ecumenical Temple.
  3433 | Temple   | Entered the Ecumenical Temple
  3445 | Temple   | Became a worshipper of the Shining One
  3828 | D:4      | Reached XP level 7. HP: 28/43 MP: 7/7
  3968 | D:4      | Reached skill level 6 in Maces & Flails
  3968 | D:4      | Reached skill level 1 in Dodging
  4328 | D:4      | Found a snail-covered altar of Cheibriados.
  4588 | D:5      | Noticed Sigmund
  4600 | D:5      | Killed Sigmund
  4681 | D:5      | Reached skill level 7 in Maces & Flails
  4726 | D:5      | Reached XP level 8. HP: 43/48 MP: 8/8
  4757 | D:5      | Reached * piety under the Shining One
  4829 | D:5      | Reached skill level 5 in Shields
  4929 | D:5      | Reached skill level 1 in Invocations
  5069 | D:6      | Reached skill level 8 in Maces & Flails
  5213 | D:6      | Reached skill level 5 in Armour
  5491 | D:6      | Reached XP level 9. HP: 7/53 MP: 10/10
  5951 | D:6      | Reached skill level 5 in Fighting
  5951 | D:6      | Reached skill level 9 in Maces & Flails
  6109 | D:7      | Noticed a troll
  6124 | D:7      | Slain by a troll

Illustrated notes

Levels and vault maps discovered:
D:1:      dpeg_arrival_caged_fury, layout_basic,
          hellmonk_ecumenical_altar_crossroads, minivault_23,
          serial_bayou_crossing
D:2:      layout_basic, kennysheep_generic_room_16
D:3:      layout_loops_ring, eat_drink_and_be_merry_uskayaw,
          nicolae_qazlal_scattered_showers
D:4:      layout_rooms, cheibrodos_worm_habitat, minmay_misc_feat_x
D:5:      layout_basic, temple_statues, uniq_sigmund
D:6:      layout_rooms, serial_rivers, chequers_serial_rivers_large_b,
          chequers_serial_rivers_room_b, chequers_serial_rivers_small_3,
          chequers_serial_rivers_marsh, chequers_serial_rivers_small_3
D:7:      layout_basic, dk_rats_in_the_wall, uniq_maggie, uniq_menkaure,
          uniq_duvessa
Temple:   nicolae_temple_no_exploring_needed

Skill      XL: |  1  2  3  4  5  6  7  8  9 |
---------------+----------------------------+-----
Maces & Flails | 3 4 5 7 8 9 |  9.1
Shields        | 4 5 |  5.3
Fighting       | 4 5 |  5.0
Armour         | 4 5 |  5.3
Dodging        | 1 |  1.3
Invocations    | 2 |  2.7

Action                   |  1- 3 |  4- 6 |  7- 9 || total
-------------------------+-------+-------+-------++-------
Melee: Flail             |   134 |   285 |   222 ||   641
Throw: Boomerang         |       |       |     1 ||     1
  Use: Scroll            |     3 |     2 |     1 ||     6
Armor: Scale mail        |   108 |       |       ||   108
       Chain mail        |    24 |   233 |   174 ||   431
Dodge: Dodged            |    74 |    95 |    55 ||   224
Block: Buckler           |    50 |     2 |       ||    52
       Kite shield       |       |   124 |   100 ||   224
